 Dungeon Crawl Stone Soup version 0.32-a0-128-g77eb882913 (webtiles) character file.

Game seed: 11737101717113510781

2353932 ragingrage the Hoplite (level 27, 233/233 HPs)
             Began as a Formicid Hexslinger on Feb 8, 2024.
             Was the Champion of Hepliaklqana.
             Escaped with the Orb
             ... and 4 runes!
             The game lasted 01:48:32 (67911 turns).

ragingrage the Hoplite (Formicid Hexslinger)       Turns: 67911, Time: 01:48:32

Health: 233/233    AC: 35    Str: 16    XL:     27
Magic:  33/33      EV: 19    Int: 18    God:    Hepliaklqana [******]
Gold:   3324       SH: 22    Dex: 29    Spells: 10/40 levels left

rFire   + + .        a - +27 heavy crossbow "Sniper" {heavy, Acc+∞ SInv}
rCold   + . .        N - +1 kite shield {rC+}
rNeg    . . .        v - +6 storm dragon scales
rPois   +            (helmet unavailable)
rElec   +            I - +4 dragonskin cloak
rCorr   +            t - +2 pair of gloves
SInv    +            c - +0 pair of boots of Fylomyom {Dex+5}
Will    +++..        H - amulet of guardian spirit
Stlth   ++           s - ring "Hoimiok" {rPois rF+ rCorr Str+2 Dex-2}
HPRegen 0.58/turn    L - ring "Sojuni Meamp" {*Slow rF+ Int+4 Slay+6}
MPRegen 0.23/turn

%: slow self (1%), guardian spirit
@: studying 4 skills
A: reduced essence, permanent stasis, dig shafts and tunnels, antennae 3, four
strong arms, strong-willed 1, robust 1, weak 1
0: Orb of Zot
}: 4/15 runes: serpentine, barnacled, slimy, silver
a: Dig, Shaft Self, Renounce Religion, Recall Ancestor, Ancestor Identity,
Transference, Idealise


You escaped.
You worshipped Hepliaklqana.
Hepliaklqana was exalted by your worship.
You visited 11 branches of the dungeon, and saw 53 of its levels.
You visited 3 bazaars.
You also visited: Sewer, Ice Cave and Volcano.

You collected 10464 gold pieces.
You spent 7140 gold pieces at shops.

Inventory:

Hand Weapons
 a - the +27 heavy crossbow "Sniper" (weapon) {heavy, Acc+∞ SInv}
   (You took it off a deep elf archer on level 1 of the Elven Halls)

   Acc+∞: It never misses its target.
   SInv:      It lets you see invisible.
Missiles
 o - 9 throwing nets
 E - 24 curare-tipped darts
Armour
 c - the +0 pair of boots of Fylomyom (worn) {Dex+5}
   (You bought it in a shop in a bazaar)

   Dex+5:     It affects your dexterity (+5).
 m - the +3 leather armour "Kiackorr" {^Drain rElec Dex+5 SInv}
   (You found it on level 3 of the Dungeon)

   Dex+5:     It affects your dexterity (+5).
   rElec:     It insulates you from electricity.
   SInv:      It lets you see invisible.
   ^Drain:    It drains your maximum health when unequipped.
 t - a +2 pair of gloves (worn)
 v - +6 storm dragon scales (worn)
 I - the +4 dragonskin cloak (worn)
   (You took it off Tiamat on level 3 of the Realm of Zot)

   Avatar's Aegis: It grants the wearer a chance to resist fire, cold, poison,
   electricity, acid, and negative energy.
 N - a +1 kite shield of cold resistance (worn)
 V - the +2 cloak of Action {rElec Stlth+}
   (You bought it in a shop in a bazaar)

   rElec:     It insulates you from electricity.
   Stlth+:    It makes you more stealthy.
 Y - quicksilver dragon scales
Jewellery
 d - the ring "Jafitzoef" {rElec rF+++ rC- Will+ AC+4}
   (You bought it in a shop in a bazaar)

   [ring of protection]

   AC+4:      It affects your AC (+4).
   rF+++:     It renders you almost immune to fire.
   rC-:       It makes you vulnerable to cold.
   rElec:     It insulates you from electricity.
   Will+:     It increases your willpower.
 s - the ring "Hoimiok" (left hand) {rPois rF+ rCorr Str+2 Dex-2}
   (You found it on level 5 of the Pits of Slime)

   [ring of poison resistance]

   Str+2:     It affects your strength (+2).
   Dex-2:     It affects your dexterity (-2).
   rF+:       It protects you from fire.
   rPois:     It protects you from poison rCorr: It protects you from acid and
   corrosion.
 A - a ring of the Octopus King {HP+2 MP+9 AC+2 EV+2 SH+2}
   (You found it on level 5 of the Pits of Slime)

   [ring of magical power]

   AC+2:      It affects your AC (+2).
   EV+2:      It affects your evasion (+2).
   HP+2:      It affects your health (+2).
   MP+9:      It affects your magic capacity (+9).
   SH+2:      It affects your SH (+2).
 H - an amulet of guardian spirit (around neck)
 L - the ring "Sojuni Meamp" (right hand) {*Slow rF+ Int+4 Slay+6}
   (You bought it in a shop on level 4 of the Snake Pit)

   [ring of protection from fire]

   Int+4:     It affects your intelligence (+4).
   Slay+6:    It affects your accuracy & damage with ranged weapons and melee
   (+6).
   rF+:       It protects you from fire.
   *Slow:     It may slow you when you take damage.
Wands
 i - a wand of mindburst (27)
 q - a wand of digging (30)
 B - a wand of iceblast (49)
 G - a wand of paralysis (50)
 U - a wand of light (37)
Scrolls
 f - 4 scrolls of butterflies
 u - 9 scrolls of amnesia
 x - 10 scrolls of immolation
 y - 2 scrolls of noise
 M - 13 scrolls of fog
 P - 7 scrolls of revelation
 Q - 3 scrolls of silence
 R - 8 scrolls of fear
 T - 3 scrolls of torment
 W - 4 scrolls of vulnerability
 X - 7 scrolls of poison
Potions
 e - 14 potions of heal wounds
 g - 6 potions of magic
 h - 21 potions of curing
 j - 7 potions of mutation
 p - 8 potions of brilliance
 r - 12 potions of might
 w - 7 potions of ambrosia
 C - 3 potions of resistance
 D - 6 potions of invisibility
 J - 3 potions of lignification
 K - 11 potions of enlightenment
 O - 3 potions of cancellation
 S - 8 potions of attraction
Miscellaneous
 b - a phial of floods
 k - a lightning rod (4/4)
 z - a phantom mirror
 F - a tin of tremorstones (2/2)
 Z - a box of beasts


   Skills:
 + Level 22.9 Fighting
 - Level 22.6 Ranged Weapons
 + Level 17.6 Armour
 + Level 15.3 Dodging
 - Level 15.2 Stealth
 - Level 25.8 Shields
 - Level 7.0 Spellcasting
 - Level 11.6 Hexes
 - Level 18.0 Necromancy
 - Level 7.0 Translocations
 - Level 3.0 Fire Magic
 - Level 7.1 Ice Magic
 - Level 7.0 Earth Magic
 - Level 9.0 Invocations
 - Level 16.0 Evocations


You had 10 spell levels left.
You knew the following spells:

 Your Spells              Type           Power      Damage    Failure   Level
a - Ozocubu's Armour      Ice            32%        N/A       12%         3
b - Fugue of the Fallen   Necr           63%        N/A       1%          3
c - Death Channel         Necr           31%        N/A       7%          6
d - Inner Flame           Hex/Fire       32%        N/A       11%         3
e - Passwall              Erth           31%        N/A       12%         3
f - Dimensional Bullseye  Hex/Tloc       19%        N/A       16%         4
g - Borgnjor's Revivific  Necr           31%        N/A       96%         8

Your spell library contained the following spells:

 Spells                   Type           Power      Damage    Failure   Level
 Necrotise                Necr           100%       1d9       1%          1
 Jinxbite                 Hex            96%        N/A       1%          2
 Sigil of Binding         Hex            48%        N/A       1%          3
 Tukima's Dance           Hex            48%        N/A       1%          3
 Vampiric Draining        Necr           63%        2d10      1%          3
 Animate Dead             Necr           63%        N/A       1%          4
 Dispel Undead            Necr           63%        3d22      1%          4
 Curse of Agony           Necr           63%        N/A       1%          5
 Ensorcelled Hibernation  Hex/Ice        80%        N/A       2%          2
 Freeze                   Ice            100%       1d10      3%          1
 Apportation              Tloc           62%        N/A       4%          1
 Lesser Beckoning         Tloc           62%        N/A       6%          2
 Cause Fear               Hex            24%        N/A       6%          4
 Cigotuvi's Dreadful Rot  Necr/Alch/Air  54%        N/A       10%         2
 Borgnjor's Vile Clutch   Necr/Erth      25%        N/A       12%         5
 Martyr's Knell           Necr/Summ      38%        N/A       19%         4
 Dazzling Flash           Conj/Hex       54%        N/A       21%         3
 Volatile Blastmotes      Fire/Tloc      48%        2d14      28%         3
 Manifold Assault         Tloc           31%        N/A       38%         4
 Passage of Golubria      Tloc           31%        N/A       38%         4
 Metabolic Englaciation   Hex/Ice        20%        N/A       41%         5
 Hailstorm                Conj/Ice       19%        3d7       45%         3
 Summon Ice Beast         Ice/Summ       19%        N/A       45%         3
 Magic Dart               Conj           24%        1d4       58%         1
 Shock                    Conj/Air       24%        1d4       58%         1
 Sting                    Conj/Alch      24%        1d4       58%         1
 Summon Small Mammal      Summ           24%        N/A       58%         1
 Searing Ray              Conj           12%        2d4       73%         2
 Lee's Rapid Deconstruct  Erth           15%        3d10*     75%         5
 Leda's Liquefaction      Alch/Erth      9%         N/A       86%         4
 Silence                  Hex/Air        13%        N/A       88%         5
 Summon Mana Viper        Hex/Summ       27%        N/A       88%         5
 Yara's Violent Unravell  Hex/Alch       13%        3d7       88%         5
 Call Canine Familiar     Summ           6%         N/A       91%         3
 Sticky Flame             Fire/Alch      11%        2d5       98%         4
 Summon Blazeheart Golem  Fire/Summ      11%        N/A       98%         4
 Summon Forest            Summ/Tloc      9%         N/A       99%         5
 Dispersal                Tloc           15%        N/A       99%         6
 Enfeeble                 Hex            24%        N/A       99%         7
 Airstrike                Air            3%         2d(1-17)  100%        4
 Fulminant Prism          Conj/Alch      3%         3d5       100%        4
 Olgreb's Toxic Radiance  Alch           6%         N/A       100%        4
 Arcjolt                  Conj/Air       3%         1d13      100%        5
 Fireball                 Conj/Fire      5%         3d5       100%        5
 Freezing Cloud           Conj/Ice/Air   7%         6-21      100%        5
 Irradiate                Conj/Alch      3%         3d12      100%        5
 Bombard                  Conj/Erth      9%         9d2       100%        6
 Conjure Ball Lightning   Conj/Air       3%         3x3d6     100%        6
 Sculpt Simulacrum        Ice/Alch       9%         N/A       100%        6
 Starburst                Conj/Fire      5%         6d4       100%        6
 Summon Cactus Giant      Summ           3%         N/A       100%        6
 Haunt                    Necr/Summ      19%        N/A       100%        7
 Malign Gateway           Summ/Tloc      9%         N/A       100%        7
 Monstrous Menagerie      Summ           3%         N/A       100%        7
 Orb of Destruction       Conj           3%         9d5       100%        7
 Ozocubu's Refrigeration  Ice            16%        4d11      100%        7
 Spellforged Servitor     Conj/Summ      3%         N/A       100%        7
 Discord                  Hex            24%        N/A       100%        8
 Disjunction              Tloc           15%        N/A       100%        8
 Ignition                 Fire           8%         3d5       100%        8
 Lehudib's Crystal Spear  Conj/Erth      9%         10d4      100%        8
 Maxwell's Capacitive Co  Air            3%         ∞         100%        8
 Summon Horrible Things   Summ           3%         N/A       100%        8
 Death's Door             Necr           31%        N/A       100%        9
 Dragon's Call            Summ           3%         N/A       100%        9
 Vhi's Electric Charge    Tloc/Air       Unusable   N/A       N/A         4
 Swiftness                Air            Unusable   N/A       N/A         3

Dungeon Overview and Level Annotations

Branches:
Dungeon (15/15)            Temple (1/1) D:5            Lair (5/5) D:8
 Shoals (4/4) Lair:3        Snake (4/4) Lair:2        Slime (5/5) Lair:5
    Orc (2/2) D:12            Elf (3/3) Orc:2        Vaults (5/5) D:13
  Crypt (0/3) Vaults:3     Depths (4/4) D:15            Zot (5/5) Depths:4
  Sewer (visited)           IceCv (visited)         Volcano (visited)

Altars:
Ashenzari
Cheibriados
Dithmenos
Elyvilon
Fedhas
Gozag
Hepliaklqana
Kikubaaqudgha
Makhleb
Nemelex Xobeh
Okawaru
Qazlal
Ru
Sif Muna
Trog
Uskayaw
Vehumet
Wu Jian
Xom
Yredelemnul
Zin
The Shining One
Jiyva

Shops:
Orc:2 :(*(   Elf:3 ![:[   Shoals:2 =(!(   Snake:2 *[   Snake:3 :==   Snake:4 *
Vaults:1 ?   Vaults:2 *?   Vaults:4 [   Vaults:5 *   Depths:2 *   Depths:4 *[(*

Portals:
Hell: Depths:1 Depths:2 Depths:3 Depths:4
Abyss: Depths:2 Depths:3
Pandemonium: Depths:1 Depths:2 Depths:3
Ziggurat: Depths:4

Annotations:
D:8 exclusion: downstairs
Lair:1 exclusion: downstairs
Snake:2 3 runed translucent doors, exclusion: obsidian statue, Oshruh's ghost, adept GrFi
Snake:3 exclusion: downstairs
Slime:4 exclusion: downstairs
Vaults:3 3 runed translucent doors
Vaults:5 !
Depths:2 exclusion: downstairs


Innate Abilities, Weirdness & Mutations

Your life essence is reduced to manifest your ancestor. (-10% HP)
You cannot be hasted, slowed, berserked, paralysed or teleported.
You can dig through walls and to a lower floor.
You have a pair of large antennae on your head. (SInv)
Your four strong arms can wield two-handed weapons with a shield.
You are strong-willed. (Will+)
You are robust. (+10% HP)
You are weak. (Str -2)


Message History

You climb upwards.
An Orb Guardian comes into view.
There is a stone staircase leading down here.
You shoot a bolt. The bolt hits the Orb Guardian!!!!
You kill the Orb Guardian!
No target in view!
No target in view!
(D) Dungeon (T) Temple (L) Lair (A) Shoals (P) Snake Pit (M) Slime Pits (O) Orcish Mines (E) Elven Halls (V) Vaults (C) Crypt (U) Depths (H) Hell (Z) Zot
Where to? (Tab/Enter - D:1 @ (x,y), ? - help)
You see here a yak skeleton.
There is a stone staircase leading up here.
You climb upwards.
There is a stone staircase leading down here.
You sense a monster nearby.
No target in view!
Items here: )))) [[[.
There is a stone staircase leading down here.
There is a stone staircase leading up here.
You climb upwards.
There is a stone staircase leading down here.
(D) Dungeon (T) Temple (L) Lair (A) Shoals (P) Snake Pit (M) Slime Pits (O) Orcish Mines (E) Elven Halls (V) Vaults (C) Crypt (U) Depths (H) Hell (Z) Zot
Where to? (Tab/Enter - D:1 @ (x,y), ? - help)
What level of the Dungeon? (default 1, ? - help)
There is a stone staircase leading up here.
You climb upwards.
There is a stone staircase leading down here.
There is an open door here.
There is a stone staircase leading up here.
You climb upwards.
There is a stone staircase leading down here.
There is an open door here.
There is a staircase leading out of the dungeon here.
Unknown command.
You have escaped!

###...........#.#####...#
#...####.#......## ##....
##...............###..##.
#....##..........##.###.
#.##.............##.....
#..####.........)....###
##.# #.................
#..######........##.....
####..##.@#...............
#..'...#.R#.......########
#..##..#..#........# #
#..##..'..#........# ##
#####..##+#........# ####.
######..'.#........###....
#....#..###....>...##..#..
#....'...##.......#.......
#######..##......##.##...#


You could see the friendly Ingwe the knight (reflecting).

Vanquished Creatures
  the Royal Jelly (Slime:5)
  A seraph (D:8)
  A dread lich (Zot:5)
  Tiamat (Zot:3)
  3 ancient liches (Zot:5)
  Frederick (Depths:4)
  Mara (Depths:1)
  6 orbs of fire (Zot:5)
  A pandemonium lord (Depths:1)
  Xtahua (Vaults:2)
  Boris (Vaults:3)
  2 Killer Klowns (Zot:5)
  A curse toe (Zot:4)
  9 golden dragons
  Norris (Vaults:2)
  A doom hound (Zot:3)
  A bone dragon (Depths:4)
  2 electric golems (Zot:5)
  Rupert (D:15)
  Zenata (Vaults:2)
  4 liches
  14 tentacled monstrosities
  Jorgrun (Elf:2)
  A Hell Sentinel (D:6)
  3 titans (Vaults:5)
  A searing wretch (Vaults:3)
  20 acid blobs
  7 quicksilver dragons
  2 deep elf blademasters (Elf:3)
  22 Orb Guardians
  4 sphinxes
  An Executioner (D:8)
  2 deep elf master archers (Elf:3)
  Frances (D:14)
  Polyphemus (Shoals:2)
  8 death cobs
  7 tengu reavers
  Kirke (D:15)
  8 storm dragons
  Aizul (Shoals:3)
  4 shadow dragons
  2 nagarajas (Snake:4)
  10 azure jellies
  13 rockslimes
  4 draconian monks
  Donald (Vaults:2)
  A protean progenitor (Zot:4)
  6 fire giants
  2 iron dragons (Vaults:5)
  3 draconian knights
  2 daevas
  A draconian shifter (Zot:2)
  3 frost giants
  A balrug (Depths:2)
  12 deep elf sorcerers
  12 vault wardens
  A draconian scorcher (Zot:5)
  2 deep elf elementalists
  2 ghost moths
  A reaper (Depths:1)
  3 angels
  18 ironbound preservers
  An orc warlord (Vaults:3)
  3 draconian stormcallers
  10 very ugly things
  A draconian annihilator (Zot:3)
  8 quicksilver oozes
  3 formless jellyfish
  10 stone giants
  3 spriggan defenders
  7 green draconians
  5 deep elf death magi (Elf:3)
  3 ironbound thunderhulks
  8 black draconians
  An apis (Shoals:4)
  A spark wasp (Depths:3)
  9 deep elf annihilators (Elf:3)
  14 yellow draconians
  5 war gargoyles
  7 white draconians
  11 deep elf demonologists
  10 dire elephants (Vaults:1)
  9 red draconians
  7 purple draconians
  2 crystal guardians
  3 merfolk impalers
  Josephine (D:13)
  6 deep elf high priests
  10 ettins
  An entropy weaver (Vaults:2)
  2 jiangshi (Depths:2)
  A blizzard demon (Depths:3)
  An entropy weaver (shapeshifter) (D:14)
  4 merfolk javelineers
  12 fire dragons
  10 yaktaur captains
  5 vault guards
  10 hydras
  14 great orbs of eyes
  2 rakshasas
  7 ice dragons
  4 peacekeepers
  Erolcha (Orc:1)
  A hell beast (Elf:1)
  3 spriggan air magi
  5 ironbound frosthearts
  7 centaur warriors
  3 anacondas
  2 salamander tyrants (Snake:4)
  A catoblepas (Shoals:2)
  Erica (D:9)
  4 satyrs
  5 boulder beetles
  2 merfolk avatars
  A two-headed ogre (shapeshifter) (Vaults:5)
  15 death yaks
  3 ogre magi
  9 two-headed ogres
  26 dancing weapons
  A hell hog (Depths:2)
  7 merfolk aquamancers
  2 vampire magi
  7 deep troll earth magi
  9 deep troll shamans
  5 tengu warriors
  4 hell knights
  5 spriggan berserkers
  4 naga warriors
  6 naga sharpshooters
  6 occultists
  Nergalle (D:11)
  A soul eater (Depths:2)
  15 deep elf knights
  7 shock serpents
  4 skeletal warriors
  7 skysharks
  2 salamander mystics
  A shadow wraith (Vaults:5)
  8 iron trolls
  44 deep trolls
  A spark wasp zombie (D:15)
  7 glowing orange brains
  6 sea snakes
  A cherub (Shoals:4)
  A shock serpent (shapeshifter) (Depths:3)
  13 deep elf archers
  An orange crystal statue (Zot:5)
  11 arcanists
  5 naga ritualists
  A flayed ghost (Depths:3)
  7 mana vipers
  12 ironbound convokers
  12 lindwurms
  6 orc knights
  Pikel (D:4)
  A phantasmal warrior (Vaults:3)
  4 necromancers
  9 harpies
  32 deep elf pyromancers
  21 deep elf zephyrmancers
  A tengu zombie (Vaults:3)
  An orc sorcerer (Orc:2)
  13 fauns
  13 manticores
  A shining eye (shapeshifter) (Vaults:5)
  18 ugly things
  18 moths of wrath
  4 shining eyes
  A meliai (shapeshifter) (Elf:1)
  10 cyclopes
  3 rust devils (Depths:1)
  7 salamanders
  11 elephants
  8 merfolk sirens
  An elephant (shapeshifter) (Vaults:5)
  2 kobold blastminers (Orc:2)
  7 naga magi
  2 large abominations
  A molten gargoyle (Depths:2)
  An ice statue (IceCv)
  27 black mambas
  16 vault sentinels
  8 guardian serpents
  7 water nymphs
  3 eyes of devastation
  A stone giant skeleton (Vaults:3)
  A torpor snail (shapeshifter) (Elf:3)
  A gargoyle (D:11)
  2 hellions
  11 cane toads
  2 freezing wraiths
  A rime drake (Elf:1)
  14 komodo dragons
  3 kobold demonologists
  18 yaktaurs
  3 tengu conjurers
  A torpor snail (Lair:4)
  14 polar bears
  8 trolls
  17 merfolk
  7 hornets
  3 wind drakes
  5 blink frogs (Lair:5)
  3 snapping turtles (Shoals:4)
  5 glass eyes
  A glass eye (shapeshifter) (Elf:3)
  9 dream sheep
  Sigmund (D:4)
  17 water elementals
  4 spriggans
  65 slime creatures
  6 wyverns
  48 yaks
  A vampire (D:11)
  6 air elementals
  A jumping spider (Vaults:2)
  4 wargs
  A basilisk (shapeshifter) (D:13)
  A hog (shapeshifter) (Elf:2)
  8 wraiths
  A steam dragon (D:7)
  11 golden eyes
  5 basilisks
  6 vampire mosquitoes
  19 nagas
  5 water moccasins
  3 acid dragons
  A hell hound (Elf:1)
  27 orc warriors
  A black bear (Lair:1)
  A sky beast (D:5)
  2 ice beasts
  8 ogres
  20 wolves
  2 phantoms
  24 centaurs
  4 lemures
  Blork the orc (D:4)
  5 kobold brigands
  A gnoll sergeant (D:8)
  3 earth elementals
  3 scorpions
  9 bullfrogs
  4 wights (D:6)
  A hornet simulacrum (D:14)
  13 killer bees
  An electric eel (Elf:3)
  6 howler monkeys
  A lava snake (D:10)
  3 bombardier beetles
  A quasit (Sewer)
  5 jellies
  2 gnoll boudas
  10 orc priests
  3 hounds
  7 iguanas
  27 orc wizards
  Terence (D:2)
  21 gnolls
  7 adders
  A shadow imp (Sewer)
  An ufetubus (Sewer)
  A ribbon worm (D:4)
  A dart slug (D:1)
  40 orcs
  3 ball pythons
  10 bats
  4 endoplasms
  3 giant cockroaches
  11 hobgoblins
  2 jackals (D:5)
  40 kobolds
  3 quokkas
  17 frilled lizards
  4 goblins
  A kobold zombie (Sewer)
  14 rats
  2 spectral weapons (Depths:1)
1778 creatures vanquished.

Vanquished Creatures (collateral kills)
  Dissolution (Slime:5)
  2 dread liches
  Boris (Vaults:5)
  Margery (Vaults:3)
  3 golden dragons
  2 doom hounds (Zot:3)
  A lich (Vaults:5)
  8 tentacled monstrosities
  Asterion (Vaults:2)
  4 Orb Guardians (Zot:5)
  8 acid blobs
  Grunn (Zot:3)
  4 sphinxes
  An azure jelly (Slime:4)
  2 shadow dragons
  A storm dragon (Zot:4)
  3 nagarajas
  A draconian monk (Zot:1)
  An iron dragon (Vaults:5)
  A fire giant (Vaults:5)
  2 frost giants
  4 vault wardens
  A draconian shifter (Zot:4)
  An ironbound preserver (Vaults:4)
  2 draconian scorchers
  2 draconian annihilators
  A quicksilver ooze (Slime:5)
  2 very ugly things
  3 black draconians
  2 deep elf death magi (Elf:3)
  2 green draconians (Zot:5)
  2 deep elf annihilators
  A deep elf demonologist (Vaults:5)
  4 dire elephants (Vaults:1)
  2 red draconians (Zot:3)
  2 purple draconians
  3 white draconians
  A merfolk impaler (Shoals:4)
  A crystal guardian (Vaults:1)
  A merfolk javelineer (Shoals:4)
  3 great orbs of eyes
  An ice dragon (Depths:3)
  2 anacondas
  A spriggan air mage (Depths:4)
  2 hydras (Elf:1)
  An alligator snapping turtle (Shoals:3)
  A peacekeeper (Vaults:4)
  22 vault guards (Vaults:5)
  3 merfolk avatars
  3 centaur warriors
  3 two-headed ogres
  4 merfolk aquamancers
  4 deep troll shamans
  A boulder beetle (D:13)
  5 death yaks
  3 naga warriors
  5 dancing weapons (Elf:2)
  2 deep troll earth magi (Depths:3)
  3 spriggan berserkers
  A soul eater (Depths:2)
  A shock serpent (Snake:3)
  3 deep elf knights
  3 hell knights
  4 naga sharpshooters
  A skyshark (Vaults:2)
  2 cherubim
  5 sea snakes
  2 arcanists (Depths:2)
  10 deep trolls
  2 phantasmal warriors
  A mana viper (Snake:3)
  A deep elf archer (Elf:1)
  2 ironbound convokers
  3 lindwurms
  3 harpies
  2 orc knights
  A deep elf pyromancer (Elf:3)
  4 necromancers
  2 fauns
  3 deep elf zephyrmancers
  6 ugly things
  A moth of wrath (Zot:3)
  A shining eye (Slime:5)
  2 cyclopes
  10 manticores
  3 elephants
  2 vault sentinels
  A merfolk siren (Shoals:4)
  2 salamanders
  6 black mambas
  An eye of devastation (Slime:5)
  A rust devil (Depths:1)
  5 guardian serpents
  A water nymph (Shoals:3)
  A kobold blastminer (Orc:2)
  A cane toad (Lair:2)
  2 naga magi
  A gargoyle (D:13)
  A human zombie (Vaults:3)
  A rime drake (IceCv)
  A kobold demonologist (D:10)
  9 yaktaurs
  2 komodo dragons
  A red devil (Zot:5)
  2 trolls
  3 polar bears
  3 hornets
  8 merfolk
  Grinder (D:6)
  2 dream sheep (Lair:3)
  2 wind drakes (Shoals:4)
  6 snapping turtles
  21 slime creatures
  A spriggan zombie (D:15)
  3 water elementals
  2 wraiths
  4 spriggans
  8 yaks
  3 golden eyes
  2 wargs (Orc:1)
  A hog (D:15)
  A redback (Vaults:2)
  2 vampire mosquitoes (D:9)
  4 nagas
  10 orc warriors
  An ogre (Orc:2)
  A sky beast (D:7)
  2 wolves (IceCv)
  3 centaurs
  A kobold brigand (D:8)
  A bullfrog (Lair:1)
  A wight (D:6)
  3 killer bees
  A howler monkey (D:8)
  An orc priest (D:14)
  Crazy Yiuf (D:6)
  3 orc wizards
  2 gnolls
  13 orcs
  7 kobolds
  3 butterflies
406 creatures vanquished.

Vanquished Creatures (others)
  A yaktaur captain (Vaults:1)
  A deep elf knight (Elf:1)
  5 fauns (Shoals:3)
  4 yaktaurs
  A merfolk (Shoals:3)
  A naga (Snake:4)
  26 knights
  2 ancestors
  An adder zombie (Sewer)
  An endoplasm (Sewer)
  A giant cockroach zombie (Sewer)
44 creatures vanquished.

Grand Total: 2228 creatures vanquished

Notes
Turn   | Place    | Note
-------+----------+-------------------------------------------
     0 | D:1      | ragingrage the Formicid Hexslinger began the quest for the
                  | Orb.
     0 | D:1      | Reached XP level 1. HP: 15/15 MP: 2/2
    75 | D:1      | Reached XP level 2. HP: 20/21 MP: 3/3
   149 | D:1      | Reached skill level 1 in Stealth
   200 | D:1      | Reached XP level 3. HP: 26/26 MP: 4/4
   517 | D:2      | Learned a level 2 spell: Jinxbite
   742 | D:2      | Noticed Terence
   783 | D:2      | Killed Terence
   784 | D:2      | Reached XP level 4. HP: 9/32 MP: 3/5
  1522 | D:3      | Identified the +3 leather armour "Kiackorr" {^Drain rElec
                  | Dex+5 SInv}
  1708 | D:3      | Found a bloodstained altar of Trog.
  1720 | D:3      | Found a faded altar of an unknown god.
  1816 | D:3      | Reached XP level 5. HP: 37/37 MP: 4/6
  2072 | D:4      | Noticed Sigmund
  2282 | D:4      | Noticed Blork the orc
  2288 | D:4      | Reached skill level 5 in Hexes
  2288 | D:4      | Reached XP level 6. HP: 43/43 MP: 4/7
  2378 | D:4      | Reached skill level 5 in Ranged Weapons
  2859 | D:4      | Killed Blork the orc
  2923 | D:4      | Killed Sigmund
  2924 | D:4      | Reached XP level 7. HP: 48/48 MP: 5/8
  3108 | D:4      | Noticed Pikel
  3170 | D:3      | HP: 2/48 [lemure[Pikel] (8)]
  3394 | D:5      | Entered Level 5 of the Dungeon
  3448 | D:5      | Found a staircase to the Ecumenical Temple.
  3587 | Temple   | Entered the Ecumenical Temple
  3606 | Temple   | Became a worshipper of Hepliaklqana the Forgotten
  3801 | D:5      | Learned a level 3 spell: Sigil of Binding
  3854 | D:5      | Reached XP level 8. HP: 42/54 MP: 4/9
  4369 | D:5      | Noticed a yak
  4369 | D:5      | Noticed a yak
  4377 | D:5      | Killed a yak
  4387 | D:5      | Killed a yak
  4425 | D:5      | Noticed a yak
  4425 | D:5      | Noticed a yak
  4440 | D:5      | Killed a yak
  4441 | D:5      | Reached skill level 10 in Ranged Weapons
  4441 | D:5      | Reached XP level 9. HP: 59/59 MP: 6/10
  4697 | D:6      | Noticed Grinder
  5012 | D:6      | Found a glowing drain.
  5016 | Sewer    | Entered a sewer
  5061 | Sewer    | Reached * piety under Hepliaklqana
  5128 | Sewer    | Found a burning altar of Makhleb.
  5528 | D:6      | Killed Grinder
  5652 | D:6      | Reached XP level 10. HP: 64/64 MP: 9/11
  5853 | D:6      | Found a runed translucent door.
  5854 | D:6      | Noticed Crazy Yiuf
  6022 | D:6      | Killed Crazy Yiuf
  6119 | D:7      | Reached skill level 5 in Fighting
  6656 | D:7      | Found a glowing silver altar of Zin.
  7190 | D:8      | Noticed a two-headed ogre
  7201 | D:8      | Killed a two-headed ogre
  7311 | D:8      | Reached skill level 1 in Evocations
  7323 | D:8      | Reached ** piety under Hepliaklqana
  7324 | D:8      | Remembered your ancestor Ingwe as a knight
  7459 | D:8      | Noticed a komodo dragon
  7466 | D:8      | Killed a komodo dragon
  7467 | D:8      | Reached XP level 11. HP: 71/71 MP: 9/12
  7488 | D:8      | Found a staircase to the Lair.
  7937 | D:9      | Noticed Erica
  8171 | D:9      | Killed Erica
  8172 | D:9      | Reached skill level 15 in Ranged Weapons
  8525 | D:10     | Entered Level 10 of the Dungeon
  8603 | D:10     | Noticed a two-headed ogre
  8612 | D:10     | Killed a two-headed ogre
  8739 | D:10     | Reached skill level 1 in Invocations
  8791 | D:10     | Noticed a centaur warrior
  8799 | D:10     | Killed a centaur warrior
  9401 | D:11     | Reached XP level 12. HP: 78/78 MP: 14/14
  9445 | D:11     | Reached *** piety under Hepliaklqana
  9451 | D:11     | Noticed Nergalle
  9918 | D:4      | Killed Pikel
 10020 | Lair:1   | Entered Level 1 of the Lair of Beasts
 10044 | Lair:1   | Noticed a death yak
 10045 | Lair:1   | Noticed a death yak
 10045 | Lair:1   | Noticed a death yak
 10045 | Lair:1   | Noticed a death yak
 10046 | Lair:1   | Noticed a death yak
 10050 | Lair:1   | Killed a death yak
 10053 | Lair:1   | Killed a death yak
 10057 | Lair:1   | Killed a death yak
 10058 | Lair:1   | Reached skill level 5 in Invocations
 10065 | Lair:1   | Killed a death yak
 10067 | Lair:1   | Killed a death yak
 10068 | Lair:1   | Reached skill level 5 in Dodging
 10140 | Lair:1   | Identified the +0 dagger of Olleis {flame, *Rage +Blink
                  | rCorr Int+3}
 10279 | Lair:1   | Found a burning altar of Makhleb.
 10838 | Lair:2   | Noticed a skyshark
 11123 | Lair:2   | Reached XP level 13. HP: 77/88 MP: 13/16
 11162 | Lair:2   | Reached **** piety under Hepliaklqana
 11197 | Lair:2   | Found a staircase to the Snake Pit.
 11731 | Lair:3   | Found a staircase to the Shoals.
 12059 | Lair:3   | Found a dark tunnel.
 12101 | Volcano  | Entered a volcano
 12224 | Volcano  | Reached ***** piety under Hepliaklqana
 12234 | Volcano  | Noticed a centaur warrior
 12238 | Volcano  | Killed a centaur warrior
 12246 | Volcano  | Reached skill level 10 in Fighting
 13155 | Lair:4   | Reached XP level 14. HP: 99/99 MP: 18/20
 13918 | Lair:5   | Entered Level 5 of the Lair of Beasts
 13955 | Lair:5   | Found a viscous altar of Jiyva.
 13955 | Lair:5   | Found a staircase to the Slime Pits.
 13962 | Lair:5   | Found a frozen archway.
 14238 | IceCv    | Entered an ice cave
 14967 | IceCv    | Got the Volume of the Crevasse
 15033 | Lair:5   | Learned a level 3 spell: Inner Flame
 15111 | Lair:5   | Reached XP level 15. HP: 100/103 MP: 19/21
 15334 | Lair:5   | Identified the +10 rapier of Natecsu {vamp, Fly rElec rC+
                  | Int+2}
 15609 | Lair:5   | Reached ****** piety under Hepliaklqana
 16278 | D:11     | Killed Nergalle
 16795 | D:12     | Reached skill level 1 in Armour
 17022 | D:12     | Reached skill level 10 in Dodging
 17035 | D:12     | Found a staircase to the Orcish Mines.
 17435 | Orc:1    | Entered Level 1 of the Orcish Mines
 17473 | Orc:1    | Noticed Erolcha
 17481 | Orc:1    | Killed Erolcha
 18025 | Orc:2    | Entered Level 2 of the Orcish Mines
 18139 | Orc:2    | Found a staircase to the Elven Halls.
 18234 | Orc:2    | Reached skill level 5 in Armour
 18363 | Orc:2    | Reached XP level 16. HP: 107/109 MP: 22/22
 18601 | Orc:2    | Found Bikk's Antique Weapon Emporium.
 18601 | Orc:2    | Found Izaumum's Assorted Antiques.
 18603 | Orc:2    | Found Nonwierph's Weapon Boutique.
 18605 | Orc:2    | Found Tezudof's Book Shoppe.
 18610 | Orc:2    | Bought a box of beasts for 1320 gold pieces
 19391 | D:13     | Found a gate to the Vaults.
 19905 | D:14     | Noticed Josephine
 19914 | D:13     | Killed Josephine
 20249 | D:14     | Noticed Frances
 20263 | D:14     | Killed Frances
 20744 | D:14     | Found a shadowy altar of Dithmenos.
 20920 | D:13     | Reached skill level 10 in Armour
 21177 | D:15     | Entered Level 15 of the Dungeon
 21250 | D:15     | Reached XP level 17. HP: 69/115 MP: 14/23
 21390 | D:15     | Noticed Rupert
 21400 | D:15     | Killed Rupert
 21566 | D:15     | Noticed Kirke
 21577 | D:15     | Killed Kirke
 21641 | D:15     | Found a viscous altar of Jiyva.
 21761 | D:15     | Found a staircase to the Depths.
 22190 | Snake:1  | Entered Level 1 of the Snake Pit
 22915 | Snake:1  | Reached skill level 1 in Shields
 22979 | Snake:1  | Reached skill level 2 in Shields
 23180 | Snake:1  | Learned a level 3 spell: Fugue of the Fallen
 23184 | Snake:1  | Learned a level 3 spell: Passwall
 23188 | Snake:1  | Learned a level 3 spell: Ozocubu's Armour
 23354 | Snake:2  | Reached skill level 3 in Shields
 23703 | Snake:2  | Found Dynenwutt's Antique Armour Shop.
 23710 | Snake:2  | Bought a heavily runed ring mail for 234 gold pieces
 23710 | Snake:2  | Identified the +5 ring mail "Ruimuf" {+Inv rF- rN+ Int+3}
                  | (You bought it in a shop on level 2 of the Snake Pit)
 23876 | Snake:2  | Reached skill level 5 in Evocations
 23891 | Snake:2  | Found a runed translucent gate.
 23891 | Snake:2  | Found a runed translucent gate.
 23892 | Snake:2  | Found an opulent altar of Gozag.
 23892 | Snake:2  | Found a runed translucent gate.
 23897 | Snake:2  | Noticed Oshruh's ghost (adept GrFi)
 23899 | Snake:2  | Found Uroc's Assorted Antiques.
 24177 | Snake:3  | Found Aqehaz's Jewellery Boutique.
 24178 | Snake:3  | Found Boybiopt's Book Emporium.
 24179 | Snake:3  | Found Zain's Jewellery Boutique.
 25135 | Snake:4  | Entered Level 4 of the Snake Pit
 25135 | Snake:4  | Found Modep's Assorted Antiques.
 25146 | Snake:4  | Reached skill level 4 in Shields
 26335 | Snake:4  | Reached skill level 5 in Shields
 26561 | Snake:4  | Bought a faintly glowing platinum ring for 130 gold pieces
 26561 | Snake:4  | Identified the ring "Sojuni Meamp" {*Slow rF+ Int+4 Slay+6}
                  | (You bought it in a shop on level 4 of the Snake Pit)
 26652 | Snake:4  | Reached XP level 18. HP: 121/124 MP: 24/24
 26956 | Snake:4  | Reached skill level 6 in Shields
 28259 | Snake:4  | Noticed a quicksilver dragon
 28267 | Snake:4  | Killed a quicksilver dragon
 28268 | Snake:4  | Reached skill level 7 in Shields
 28871 | Snake:4  | Got a serpentine rune of Zot
 29122 | Shoals:1 | Entered Level 1 of the Shoals
 29377 | Shoals:1 | Reached skill level 8 in Shields
 30028 | Shoals:2 | Found Utifrit's Antique Weapon Shoppe.
 30046 | Shoals:2 | Bought a glowing longbow for 370 gold pieces
 30153 | Shoals:2 | Noticed Polyphemus
 30508 | Shoals:2 | Found Vet Ysie's Jewellery Shop.
 30514 | Shoals:2 | Found Ziegeepe's Distillery.
 30614 | Shoals:2 | Reached skill level 9 in Shields
 30762 | Shoals:2 | Killed Polyphemus
 30885 | Shoals:2 | Found Holerphiu's Antique Weapon Boutique.
 31093 | Shoals:3 | Reached skill level 10 in Shields
 31093 | Shoals:3 | Reached XP level 19. HP: 131/134 MP: 25/25
 31202 | Shoals:3 | Found a gateway to a bazaar.
 31474 | Shoals:3 | Reached skill level 11 in Shields
 31822 | Shoals:4 | Entered Level 4 of the Shoals
 31938 | Shoals:4 | Reached skill level 12 in Shields
 31959 | Shoals:4 | Found a glowing silver altar of Zin.
 31968 | Shoals:4 | Reached skill level 10 in Evocations
 32449 | Shoals:4 | Identified the serpent talisman of the Skies Above {rElec
                  | rCorr}
 32449 | Shoals:4 | Noticed Aizul
 32463 | Shoals:3 | Killed Aizul
 32801 | Shoals:4 | Reached skill level 13 in Shields
 33059 | Shoals:4 | Found a white marble altar of Elyvilon.
 33146 | Shoals:4 | Found a glowing golden altar of the Shining One.
 33266 | Shoals:4 | Reached skill level 14 in Shields
 33287 | Shoals:4 | Found the sphere of Battle
 33316 | Shoals:4 | Got a barnacled rune of Zot
 33596 | Elf:1    | Entered Level 1 of the Elven Halls
 33983 | Elf:1    | Reached skill level 15 in Shields
 34048 | Elf:1    | Reached XP level 20. HP: 143/143 MP: 26/26
 34190 | Elf:1    | Reached skill level 16 in Shields
 34774 | Elf:1    | Reached skill level 17 in Shields
 35247 | Elf:2    | Reached skill level 18 in Shields
 35405 | Elf:2    | Found a runed translucent gate.
 35405 | Elf:2    | Found a runed translucent gate.
 35406 | Elf:2    | Found a runed translucent gate.
 35429 | Elf:2    | Noticed Jorgrun
 35437 | Elf:2    | Killed Jorgrun
 35562 | Elf:2    | Reached skill level 19 in Shields
 35710 | Elf:2    | Reached XP level 21. HP: 141/148 MP: 27/27
 36236 | Snake:4  | Bought a lightning rod (4/4) for 1040 gold pieces
 36504 | Elf:3    | Entered Level 3 of the Elven Halls
 36622 | Elf:3    | Found Zemp's Distillery.
 36806 | Elf:3    | Found Diptoi Saog's Antique Armour Emporium.
 36806 | Elf:3    | Found Kyacs's Book Shop.
 36912 | Elf:3    | Found Qateoc's Antique Armour Emporium.
 36918 | Elf:3    | Bought a glimmering cloak for 304 gold pieces
 36918 | Elf:3    | Identified the +2 cloak "Ariomane" {-Tele Str-5 Int+8 SInv}
                  | (You bought it in a shop on level 3 of the Elven Halls)
 37369 | Elf:3    | Reached skill level 20 in Shields
 37374 | Elf:3    | Learned a level 4 spell: Dimensional Bullseye
 37513 | Elf:3    | Identified the +0 leather armour of the Grue {Will+}
 37515 | Elf:3    | Reached skill level 1 in Translocations
 37553 | Elf:3    | Identified the +1 glaive of Watchfulness {freeze, rC+}
 38146 | Elf:3    | Got the Enchiridion on the Hiemal Coals
 38154 | Elf:3    | Identified the staff "Veetsagy" {Fire Ice Earth}
 38271 | Elf:3    | Bought an embroidered cloak for 127 gold pieces
 38432 | Vaults:1 | Entered Level 1 of the Vaults
 39251 | Vaults:1 | Reached XP level 22. HP: 155/155 MP: 28/28
 39265 | Vaults:1 | Reached skill level 15 in Fighting
 39267 | Vaults:1 | Reached skill level 21 in Shields
 39786 | Vaults:1 | Found Aluedd's Magic Scroll Emporium.
 40018 | Vaults:2 | Found a gateway to a bazaar.
 40128 | Vaults:2 | Found Jithud's General Store.
 40142 | Vaults:2 | Found Fuufopo's Magic Scroll Shop.
 40207 | Vaults:2 | Bought a scroll of silence for 123 gold pieces
 40211 | Vaults:2 | Noticed Donald
 40214 | Vaults:2 | Killed Donald
 40394 | Vaults:2 | Noticed Asterion
 40396 | Vaults:2 | Killed Asterion
 40611 | Vaults:2 | Reached skill level 22 in Shields
 40678 | Vaults:2 | Noticed Xtahua
 40683 | Vaults:2 | Killed Xtahua
 40783 | Vaults:2 | Noticed Norris
 40786 | Vaults:2 | Killed Norris
 40943 | Vaults:2 | Noticed Zenata
 40957 | Vaults:2 | Killed Zenata
 41362 | Vaults:3 | Reached skill level 23 in Shields
 41736 | Vaults:3 | Noticed Margery
 41751 | Vaults:3 | Killed Margery
 41752 | Vaults:3 | Reached XP level 23. HP: 151/171 MP: 25/29
 41844 | Vaults:3 | Reached skill level 24 in Shields
 41906 | Vaults:3 | Noticed Boris
 41909 | Vaults:3 | Killed Boris
 42102 | Vaults:3 | Found a staircase to the Crypt.
 42102 | Vaults:3 | Found a basalt altar of Yredelemnul.
 42103 | Vaults:3 | Found an ancient bone altar of Kikubaaqudgha.
 42211 | Vaults:3 | Identified the +0 buckler "Gohotuv" {*Corrode rElec rN+
                  | Int+3}
 42251 | Vaults:3 | Found a runed translucent gate.
 42251 | Vaults:3 | Found a runed translucent gate.
 42252 | Vaults:3 | Found a runed translucent gate.
 42669 | Vaults:4 | Reached skill level 25 in Shields
 42900 | Vaults:4 | Found Joqualog's Armour Shop.
 43823 | Depths:1 | Entered Level 1 of the Depths
 43948 | Depths:1 | Found a gateway to a bazaar.
 43950 | Depths:1 | Noticed Mara
 43953 | Depths:1 | Killed Mara
 43954 | Depths:1 | Reached skill level 1 in Earth Magic
 44023 | Depths:1 | Reached skill level 1 in Ice Magic
 44147 | Depths:1 | Found a white marble altar of Elyvilon.
 44238 | Depths:1 | Found a hazy altar of Hepliaklqana.
 44316 | Depths:1 | Reached skill level 5 in Stealth
 44503 | Depths:1 | Found a one-way gate leading to the halls of Pandemonium.
 44577 | Depths:1 | Identified a scroll of acquirement
 44585 | Depths:1 | Acquired 816 gold pieces
 44641 | Depths:1 | Found a gateway to Hell.
 44883 | Depths:2 | Found a one-way gate to the infinite horrors of the Abyss.
 44886 | Depths:2 | Reached XP level 24. HP: 185/185 MP: 29/29
 45021 | Depths:2 | Found Seanwach's General Store.
 45029 | Depths:2 | Bought a scroll of butterflies for 56 gold pieces
 45446 | Depths:2 | Reached skill level 5 in Translocations
 45798 | Depths:2 | Reached skill level 10 in Hexes
 45939 | Depths:2 | Identified the +4 ring mail "Ikitamno" {Dex+4}
 46087 | Depths:2 | Identified the +1 dagger of the Telling Tiger {flame, Str-2
                  | Int+4}
 46478 | Depths:3 | Noticed a golden dragon
 46482 | Depths:3 | Killed a golden dragon
 46687 | Depths:3 | Reached skill level 5 in Ice Magic
 46910 | Depths:3 | Reached skill level 10 in Stealth
 47339 | Depths:4 | Entered Level 4 of the Depths
 47441 | Depths:4 | Reached XP level 25. HP: 189/190 MP: 29/29
 47618 | Depths:4 | Identified the orb of the Planets {*channel, rPois rF++
                  | rCorr Dex+3}
 47618 | Depths:4 | Noticed Frederick
 47621 | Depths:4 | Killed Frederick
 47676 | Depths:4 | Found Qonunuma's General Store.
 47759 | Depths:4 | Found Focs's Antique Armour Shoppe.
 48029 | Depths:3 | Reached skill level 15 in Evocations
 48274 | Depths:4 | Found Fauruclu's Antique Weapon Shop.
 48343 | Depths:4 | Found Mayf Ecreb's General Store.
 48349 | Depths:4 | Bought a scroll of revelation for 105 gold pieces
 48349 | Depths:4 | Bought a scroll of immolation for 56 gold pieces
 48420 | Depths:4 | Found a one-way gateway to a ziggurat.
 48549 | Depths:4 | Found a gate to the Realm of Zot.
 48561 | Depths:4 | Reached skill level 15 in Stealth
 49534 | Slime:1  | Entered Level 1 of the Pits of Slime
 49897 | Slime:1  | Reached skill level 1 in Necromancy
 50660 | Slime:4  | Gained mutation: You are clumsy. (Dex -2) [a shining eye]
 50660 | Slime:4  | Gained mutation: You are dopey. (Int -2) [a shining eye]
 50835 | Slime:3  | Reached skill level 5 in Earth Magic
 51119 | Slime:5  | Entered Level 5 of the Pits of Slime
 51131 | Slime:5  | Gained mutation: Armour fits poorly on your strangely
                  | shaped body. [a shining eye]
 51234 | Slime:5  | Lost mutation: You are clumsy. (Dex -2) [potion of
                  | mutation]
 51234 | Slime:5  | Lost mutation: Armour fits poorly on your strangely shaped
                  | body. [potion of mutation]
 51234 | Slime:5  | Lost mutation: You are dopey. (Int -2) [potion of mutation]
 51234 | Slime:5  | Gained mutation: You are robust. (+10% HP) [potion of
                  | mutation]
 51234 | Slime:5  | Gained mutation: You are strong-willed. (Will+) [potion of
                  | mutation]
 52122 | Slime:5  | Noticed the Royal Jelly
 52169 | Slime:5  | Reached XP level 26. HP: 220/220 MP: 29/29
 52176 | Slime:5  | Noticed Dissolution
 52179 | Slime:5  | Killed Dissolution
 52221 | Slime:5  | Gained mutation: You are weak. (Str -2) [a shining eye]
 52997 | Slime:5  | Killed the Royal Jelly
 53328 | Slime:5  | Got the Secrets of the Baleful Traveller
 53329 | Slime:5  | Identified the +8 great sword of Past Mistakes {venom,
                  | rPois rC- rCorr Int+5}
 53385 | Slime:5  | Got a slimy rune of Zot
 53394 | Slime:5  | Identified the +11 morningstar of the Solstice {freeze,
                  | rElec Int+2}
 53423 | Slime:5  | Found the ring of the Octopus King
 53436 | Slime:5  | Identified a ring of the Octopus King {HP+2 MP+9 AC+2 EV+2
                  | SH+2}
 53452 | Slime:5  | Identified the ring "Hoimiok" {rPois rF+ rCorr Str+2 Dex-2}
 54087 | Depths:4 | Learned a level 6 spell: Death Channel
 54088 | Zot:1    | Entered Level 1 of the Realm of Zot
 54201 | Zot:1    | Reached skill level 5 in Necromancy
 56377 | Zot:2    | Identified the +6 great sword "Mialabb" {flame, rPois rC+}
 56984 | Zot:3    | Noticed Grunn
 56988 | Zot:3    | Killed Grunn
 56998 | Zot:3    | Reached skill level 10 in Necromancy
 57585 | Zot:3    | Found the +4 dragonskin cloak
 57585 | Zot:3    | Noticed Tiamat
 57599 | Zot:3    | Killed Tiamat
 57602 | Zot:3    | Reached XP level 27. HP: 79/226 MP: 6/29
 59915 | Zot:5    | Entered Level 5 of the Realm of Zot
 60083 | Zot:5    | Reached skill level 5 in Spellcasting
 61084 | Zot:5    | Noticed an ancient lich
 61087 | Zot:5    | Killed an ancient lich
 61088 | Zot:5    | Noticed an ancient lich
 61093 | Zot:5    | Killed an ancient lich
 61094 | Zot:5    | Reached skill level 15 in Necromancy
 61123 | Zot:5    | Noticed a dread lich
 61124 | Zot:5    | Noticed an orb of fire
 61124 | Zot:5    | Killed a dread lich
 61126 | Zot:5    | Killed an orb of fire
 61210 | Zot:5    | Noticed a Killer Klown
 61212 | Zot:5    | Killed a Killer Klown
 61549 | Zot:5    | Noticed an orb of fire
 61554 | Zot:5    | Killed an orb of fire
 61564 | Zot:5    | Learned a level 8 spell: Borgnjor's Revivification
 62028 | Vaults:5 | Entered Level 5 of the Vaults
 62074 | Vaults:5 | Noticed Boris
 62081 | Vaults:5 | Killed Boris
 62352 | Vaults:5 | Found Esoureun's Assorted Antiques.
 62359 | Vaults:5 | Bought a transparent chain mail for 332 gold pieces
 62359 | Vaults:5 | Identified the +0 chain mail of Slovenliness {rPois rF+
                  | Regen+} (You bought it in a shop on level 5 of the Vaults)
 62411 | Vaults:5 | Identified the +9 sling of Qocwuk {freeze, ^Fragile rPois
                  | rF+ MP+9}
 62422 | Vaults:5 | Identified the +5 glaive "Joguts" {freeze, ^Fragile rCorr
                  | Dex+6}
 62573 | Vaults:5 | Identified the amulet of Iwkane {Reflect ^Fragile rF+ Int+3
                  | SH+5}
 62581 | Vaults:5 | Identified the +0 chain mail "Xekle" {Rampage}
 62615 | Vaults:5 | Identified the +2 hand axe "Nizoru" {speed, rElec Will+
                  | Str+2 Stlth-}
 62619 | Vaults:5 | Got a silver rune of Zot
 62790 | Vaults:5 | Identified the +10 plate armour of Broken Taboos {Rampage
                  | rC- rN+}
 62832 | Vaults:5 | Noticed a dread lich
 62838 | Vaults:5 | Killed a dread lich
 62839 | Vaults:5 | Reached skill level 15 in Armour
 62912 | Vaults:5 | Got Kumpownu's Handbook of Displaced Fascination
 62917 | Vaults:5 | Identified the +5 war axe of Mudoskui {flame, rCorr Str+3
                  | Int+4}
 63140 | Vaults:5 | Identified the +12 great sword of the End {protect, Will+
                  | Int+3}
 63853 | Bazaar   | Entered a bazaar
 63867 | Bazaar   | Found Qucvau's Assorted Antiques.
 63872 | Bazaar   | Bought a thick emerald amulet for 115 gold pieces
 63883 | Bazaar   | Found Jurrovum's Antique Armour Shoppe.
 63883 | Bazaar   | Found Desiza Foazu's Book Emporium.
 63889 | Bazaar   | Bought a manual of Dodging for 960 gold pieces
 63895 | Bazaar   | Bought an ichor-stained scarf for 260 gold pieces
 63895 | Bazaar   | Identified the scarf "Moibuoga" {+Inv, rPois rF- rCorr
                  | Slay+5} (You bought it in a shop in a bazaar)
 63905 | Bazaar   | Found Eti Ruam's Magic Scroll Shoppe.
 63905 | Bazaar   | Found Picw's Weapon Emporium.
 63916 | Bazaar   | Bought a scroll of butterflies for 44 gold pieces
 63916 | Bazaar   | Bought a scroll of noise for 11 gold pieces
 63946 | Bazaar   | Bought a scroll of enchant armour for 82 gold pieces
 63946 | Bazaar   | Bought a scroll of enchant armour for 82 gold pieces
 64173 | Bazaar   | Entered a bazaar
 64182 | Bazaar   | Found Peipluq's Antique Weapon Emporium.
 64195 | Bazaar   | Found Qiorodom's Antique Weapon Shoppe.
 64210 | Bazaar   | Found Deassuacipt's Antique Armour Shoppe.
 64210 | Bazaar   | Found Wyqait's Antique Armour Emporium.
 64226 | Bazaar   | Bought a dazzling cloak for 228 gold pieces
 64226 | Bazaar   | Identified the +2 cloak of Action {rElec Stlth+} (You
                  | bought it in a shop in a bazaar)
 64622 | Bazaar   | Entered a bazaar
 64624 | Bazaar   | Found Onyoci's Armour Shoppe.
 64633 | Bazaar   | Found Bus Pirph's Antique Armour Shop.
 64644 | Bazaar   | Found Xeoman's Armour Shoppe.
 64652 | Bazaar   | Bought the +0 pair of boots of Fylomyom {Dex+5} for 242
                  | gold pieces
 64656 | Bazaar   | Found Balauca's Jewellery Shop.
 64664 | Bazaar   | Bought the ring "Jafitzoef" {rElec rF+++ rC- Will+ AC+4}
                  | for 919 gold pieces
 65252 | Zot:5    | Noticed an orb of fire
 65255 | Zot:5    | Killed an orb of fire
 65620 | Zot:5    | Noticed an orb of fire
 65624 | Zot:5    | Noticed a Killer Klown
 65625 | Zot:5    | Killed an orb of fire
 65629 | Zot:5    | Killed a Killer Klown
 65631 | Zot:5    | Noticed an orb of fire
 65635 | Zot:5    | Killed an orb of fire
 66319 | Zot:5    | Noticed a dread lich
 66321 | Zot:5    | Noticed an ancient lich
 66323 | Zot:5    | Killed a dread lich
 66326 | Zot:5    | Killed an ancient lich
 66735 | Zot:5    | Noticed an orb of fire
 66736 | Zot:5    | Killed an orb of fire
 67424 | Zot:5    | Got the Orb of Zot
 67514 | Zot:4    | Noticed Jocin the pandemonium lord
 67626 | Depths:1 | Noticed Fid Qorph the pandemonium lord
 67629 | Depths:1 | Killed Fid Qorph the pandemonium lord
 67630 | Depths:1 | Reached skill level 15 in Dodging
 67759 | D:8      | Noticed a seraph
 67762 | D:8      | Killed a seraph
 67911 | D:$      | Escaped with the Orb!

Illustrated notes

Levels and vault maps discovered:
D:1:      dpeg_arrival_short_road, layout_rooms, minmay_lizard_king
D:2:      layout_basic, uniq_terence
D:3:      layout_basic, mainiacjoe_overflow_concentric_impassable,
          basic_ecumenical_altar, minmay_misc_feat_enclosed,
          kennysheep_generic_room_2
D:4:      layout_layer_cave, uniq_pikel, uniq_blork_the_orc, uniq_sigmund
D:5:      cheibrodos_helix_gallery, layout_loops_ring, temple_fountains,
          feat_on_display
D:6:      layout_cave_pools, gup_sewer_entry_spiral, st_stairs_4,
          uniq_crazy_yiuf_cottage, uniq_grinder
D:7:      nicolae_whirlpool, layout_basic, mainiacjoe_overflow_catwalk,
          st_stairs_1
D:8:      layout_rooms, david_lair_shrubbed, nicolae_eternal_life
D:9:      layout_rooms, uniq_erica
D:10:     layout_basic, nicolae_lava_and_water
D:11:     layout_rooms, uniq_nergalle
D:12:     cheibrodos_elevator_heist, layout_cave_pools, david_orc_1_choice
D:13:     hangedman_arrow_trap, layout_loops_corners,
          skrybe_vaults_entry_preservation
D:14:     layout_stronghold, grunt_dithmenos_smoke, uniq_josephine, uniq_frances
D:15:     gammafunk_depths_entry_grave, layout_long_grid,
          hangedman_decor_opposing, jiyva_altar_1, uniq_kirke, uniq_rupert
Temple:   nicolae_temple_slightly_damp_pantheon
Lair:1:   layout_loops_ring, lemuel_centaur_altar, lemuel_fruit_tree,
          lemuel_fruit_fields, serial_bayou_shore_b
Lair:2:   layout_long_grid, guppyfry_snake_entry_island, grunt_megastairs_3
Lair:3:   layout_loops_ring, minmay_shoals_entry_lonely_mermaid,
          nicolae_volcano_entry_vermiform, chequers_serial_rivers_small_b
Lair:4:   layout_hall_layers, minmay_lindwurm_lava
Lair:5:   gammafunk_lair_ancient_temple, layout_layer_cave,
          dpeg_slime_entry_enclosed, portal_ice_cave_entry_pillars_2,
          st_stairs_3, nicolae_quartered_pool_medium,
          grunt_forest_small_clearings, minivault_24, nicolae_lair_lil_pond
Shoals:1: layout_shoals
Shoals:2: layout_shoals, serial_shops, shop, nicolae_shop_window_shopping,
          nicolae_shop_rolling_square, nicolae_stop_n_shop_2,
          nicolae_shoals_water_booths, uniq_polyphemus
Shoals:3: layout_shoals, serial_shops, bzr_entry_dummy
Shoals:4: shoals_end_hellmonk_holy_island, uniq_aizul
Snake:1:  layout_misc_corridors, nicolae_snake_gridmaze_waves, drop_trap,
          nicolae_snake_yet_another_twisty_hallway
Snake:2:  layout_misc_corridors, ebering_ghost_gozag, serial_shops,
          nicolae_shop_advertising_works [nicolae_subvault_shop_adworks]
Snake:3:  layout_chambers, nicolae_snake_serpentine_hallways, minmay_shop_grove
Snake:4:  hellmonk_snake_rune_quicksilver_temple, layout_onion, serial_shops,
          shop
Slime:1:  layout_caves, cheibrodos_slime_lost_civilization_6
Slime:2:  layout_caves
Slime:3:  layout_caves
Slime:4:  layout_caves, nicolae_slime_rock_hall_of_fame
Slime:5:  slime_pit_nicolae_trefoil, uniq_dissolution
Orc:1:    layout_caves, basic_altar, serial_shops, nooodl_orcs_dogs,
          uniq_erolcha
Orc:2:    st_orc_rangers, layout_caves
Elf:1:    elf_arrival_001, layout_geoelf_diagonals, special_room
          [special_room_mythical_zoo], nicolae_elf_crossing_hall,
          evilmike_minifort
Elf:2:    elven_hall_of_blades_hangedman_original
          [nicolae_blade_entry_area_security], layout_gridlike,
          fake_guardian_serpent_vault, uniq_jorgrun
Elf:3:    elf_hall, layout_geoelf_castle, serial_shops, shop, shop,
          nicolae_shop_trees, shop
Vaults:1: vaults_room_large_hall, nicolae_vaults_alarming, v_pattern_5,
          nicolae_vaults_sealed_display, v_alt_pattern_5, v_misc_12,
          ontoclasm_vaults_fault, layout_vaults_quadrants, serial_shops,
          nicolae_shop_real_fake_doors
Vaults:2: nicolae_vaults_network_quincunx
          [nicolae_vaults_network_quincunx_subvault,
          nicolae_vaults_network_quincunx_subvault,
          nicolae_vaults_network_quincunx_subvault,
          nicolae_vaults_network_quincunx_subvault,
          nicolae_vaults_network_quincunx_subvault],
          nicolae_vaults_bisected_slash, dpeg_vaults_monster_row,
          hangedman_vaults_corner_blocks, nicolae_vaults_heart-shaped_vault,
          v_misc_29, vaults_dpeg_ring, hangedman_vaults_impose,
          hangedman_vaults_slice, nicolae_vaults_trapezoid_lopsided_3,
          v_alt_pattern_6, nicolae_vaults_trapezoid_1, layout_vaults_omnibox,
          serial_shops, bzr_entry_lakeside, shop_fountains, shop, uniq_norris,
          uniq_xtahua, uniq_donald, uniq_asterion, uniq_zenata
Vaults:3: ploomutoo_gammafunk_ghost_potion_laboratory,
          nicolae_vaults_octothorpe, nicolae_vaults_heart-shaped_vault,
          grunt_vaults_funnel, nicolae_vaults_closet_pinwheel_2,
          nicolae_vaults_shock_wave, nicolae_vaults_two_Ls,
          vaults_room_semicircle, nicolae_vaults_big_ls,
          nicolae_vaults_variable_pillar_hall, layout_vaults_chaotic_city,
          minmay_crypt_entry_necro_gods, uniq_margery, uniq_boris
Vaults:4: v_misc_33, st_cells, nicolae_vaults_sightless_eye,
          vaults_room_corners, nicolae_vaults_mini_display_case,
          vaults_room_large_hall, nicolae_vaults_little_squares_5,
          nicolae_vaults_double_plus_1, vaults_mumra_minichess,
          nicolae_vaults_taking_the_gang_shopping,
          nicolae_vaults_ring_of_whatevers, nicolae_vaults_tetromino_T_1,
          layout_vaults_omnicross
Vaults:5
Depths:1: layout_gridlike, nicolae_elyvilon_temple_path, hell_entry,
          serial_shops, freezing_bzr, grunt_pan_entry_spiral,
          grunt_decor_one_mirror, nzn_hepliaklqana_mist_gate, uniq_mara
Depths:2: minmay_tri_stars, layout_basic, pan_entry, abyss_entry, hellmouth_1,
          kennysheep_minor_cross, serial_shops, shop
Depths:3: minmay_isolated_rectangles_in_corner, layout_basic,
          nicolae_abyss_entry_one_way_or_another, pan_entry,
          hangedman_coc_ice_floe, hangedman_decor_cross_pass,
          infiniplex_staircase_pool_2
Depths:4: grunt_twist_and_shout, layout_cave_pools, enter_ziggurat_c,
          grunt_hell_entry_dis_mu, nicolae_figureground_pulse, serial_shops,
          nicolae_shop_crystal, nicolae_shop_rolling_square, shop, shop,
          fountainhead, hangedman_decor_growths, uniq_frederick
Zot:1:    layout_cathedral_of_symmetry
Zot:2:    layout_misc_corridors
Zot:3:    layout_basic, skrybe_zot_glass_1, uniq_tiamat, uniq_grunn
Zot:4:    layout_gridlike, grunt_megastairs_5, uniq_josephina
Zot:5:    layout_gridlike

Skill      XL: |  1  2  3  4  5  6  7  8  9 10 11 12 13 14 15 16 17 18 19 20 21 22 23 24 25 26 27 |
---------------+----------------------------------------------------------------------------------+-----
Stealth        | 1 2 3 4 5 11 15 | 15.2
Hexes          | 4 5 6 7 9 10 11 | 11.6
Ranged Weapons | 3 4 6 7 10 11 14 16 19 20 21 22 | 22.6
Fighting       | 4 5 8 10 11 13 14 17 20 22 | 22.9
Evocations     | 1 2 6 9 10 11 13 14 15 16 | 16.0
Dodging        | 3 7 9 10 12 13 15 | 15.3
Invocations    | 2 5 9 |  9.0
Fire Magic     | 3 |  3.0
Armour         | 5 11 12 13 14 17 | 17.6
Shields        | 5 10 15 19 20 23 25 | 25.8
Translocations | 4 6 7 |  7.0
Earth Magic    | 2 4 5 7 |  7.0
Ice Magic      | 2 5 6 7 |  7.1
Spellcasting   | 2 4 7 |  7.0
Necromancy     | 3 11 18 | 18.0

Action                     |  1- 3 |  4- 6 |  7- 9 | 10-12 | 13-15 | 16-18 | 19-21 | 22-24 | 25-27 || total
---------------------------+-------+-------+-------+-------+-------+-------+-------+-------+-------++-------
   Fire: Sling             |    82 |   128 |   270 |       |       |       |       |       |       ||   480
         Orcbow            |       |       |   104 |   469 |    98 |       |       |       |       ||   671
         Longbow           |       |       |       |       |   788 |  1155 |   466 |       |       ||  2409
         Heavy crossbow    |       |       |       |       |       |       |   236 |   522 |   715 ||  1473
   Cast: Jinxbite          |     4 |     9 |    38 |    32 |    24 |     7 |       |       |       ||   114
         Sigil of Binding  |       |       |       |     1 |       |       |       |       |       ||     1
         Dimensional Bulls |       |       |       |       |       |       |       |       |    22 ||    22
         Ozocubu's Armour  |       |       |       |       |       |       |       |       |     5 ||     5
         Death Channel     |       |       |       |       |       |       |       |       |     7 ||     7
         Fugue of the Fall |       |       |       |       |       |       |       |       |     2 ||     2
 Invoke: Recall Ancestor   |       |       |       |     3 |     3 |     7 |       |     2 |     6 ||    21
         Ancestor Life: Kn |       |       |       |     1 |       |       |       |       |       ||     1
         Idealise          |       |       |       |       |       |     4 |     3 |     3 |     7 ||    17
         Transference      |       |       |       |       |       |       |       |     1 |       ||     1
Ability: Dig               |     1 |       |       |       |     1 |       |     1 |     1 |     5 ||     9
  Evoke: Wand              |       |       |       |     1 |     5 |     5 |       |     4 |     2 ||    17
         Box of beasts     |       |       |       |       |       |     1 |       |       |     1 ||     2
         Tin of tremorston |       |       |       |       |       |     2 |     2 |       |       ||     4
         Lightning rod     |       |       |       |       |       |       |     4 |       |       ||     4
         Phantom mirror    |       |       |       |       |       |       |       |       |     1 ||     1
    Use: Scroll            |       |       |     2 |    20 |     7 |     8 |     2 |     3 |    12 ||    54
         Potion            |       |       |     1 |     3 |       |     8 |     1 |       |     6 ||    19
 Armour: Robe              |     4 |       |       |       |       |       |       |       |       ||     4
         Leather armour    |     7 |    26 |   109 |   127 |    94 |       |       |       |       ||   363
         Quicksilver drago |       |       |       |       |    19 |   326 |   150 |   143 |   288 ||   926
         Storm dragon scal |       |       |       |       |       |       |       |       |    46 ||    46
  Dodge: Dodged            |    18 |    43 |    91 |   103 |   122 |   354 |   128 |   130 |   206 ||  1195
  Block: Other             |       |       |       |    10 |       |       |       |       |       ||    10
         Reflection        |       |       |       |     5 |       |       |       |       |       ||     5
         Kite shield       |       |       |       |       |       |    60 |   135 |   181 |   236 ||   612

Table legend: (Time is in decaauts)
 A = Elapsed time spent in this place.
 B = Non-inter-level travel time spent in this place.
 C = Inter-level travel time spent in this place.
 D = Time resting spent in this place.
 E = Time spent auto-exploring this place.
 F = Levels seen in this place.
 G = Mean time per level.
                   A        B        C        D        E       F      G
               +--------+--------+--------+--------+--------+-----+--------+
         Total |  69992 |  62440 |   7552 |  16480 |  33604 |  59 | 1186.3 |
       Dungeon |  15203 |  12706 |   2497 |   1846 |   8235 |  15 | 1013.5 |
        Temple |     38 |      1 |     37 |      0 |      0 |   1 |   38.0 |
          Lair |   5927 |   4862 |   1065 |    824 |   2883 |   5 | 1185.4 |
        Shoals |   4694 |   4333 |    361 |   1156 |   2208 |   4 | 1173.5 |
     Snake Pit |   6912 |   6295 |    617 |   2867 |   2666 |   4 | 1728.0 |
    Slime Pits |   4501 |   4201 |    300 |   2452 |   1056 |   5 |  900.2 |
  Orcish Mines |   1469 |   1179 |    290 |     73 |    827 |   2 |  734.5 |
   Elven Halls |   4631 |   4311 |    320 |    813 |   2467 |   3 | 1543.7 |
        Vaults |   8095 |   7235 |    860 |   1141 |   4457 |   5 | 1619.0 |
        Depths |   6295 |   5719 |    576 |   1270 |   3204 |   4 | 1573.8 |
           Zot |  10589 |   9963 |    626 |   3906 |   4807 |   5 | 2117.8 |
        Bazaar |    264 |    264 |      0 |      0 |    158 |   3 |   88.0 |
         Sewer |    441 |    441 |      0 |      4 |    292 |   1 |  441.0 |
      Ice Cave |    730 |    730 |      0 |    125 |    300 |   1 |  730.0 |
       Volcano |    199 |    199 |      0 |      0 |     40 |   1 |  199.0 |
               +--------+--------+--------+--------+--------+-----+--------+

Top non-repeatable levels by time:
   Zot:5: 4296 daAuts
 Snake:3: 2990 daAuts
 Snake:4: 2047 daAuts
Depths:4: 2043 daAuts
   Zot:1: 2001 daAuts
Vaults:1: 1981 daAuts
   Elf:3: 1909 daAuts
Vaults:5: 1883 daAuts
Depths:2: 1769 daAuts
 Slime:5: 1736 daAuts
   Elf:1: 1692 daAuts
   Zot:4: 1615 daAuts
Shoals:3: 1607 daAuts
   Zot:3: 1593 daAuts
Vaults:3: 1589 daAuts
